| TOP OF THE 1ST |
|
Detroit Tigers batting - Pitching for Kansas City Royals : LHP Frank Viola
|
|
Pitching: LHP Frank Viola
|
|
|
Batting: SHB Lee Mazzilli
|
0-0: Ground out 6-3 (Groundball, 6, EV 91.3 MPH)
|
|
Batting: RHB Jose Hidalgo
|
0-0: Ball 1-0: Ball 2-0: Called Strike 2-1: Fly out, F4 (Popup, 4MS, EV 66.9 MPH)
|
|
Batting: SHB Tony Phillips
|
0-0: Ball 1-0: Called Strike 1-1: Ball 2-1: Foul Ball, location: 2F 2-2: Fly out, F8 (Flyball, 8RD, EV 97.5 MPH)
|
| Top of the 1st over - 0 runs, 0 hits, 0 errors, 0 left on base; Detroit 0 - Kansas City 0 |
| BOTTOM OF THE 1ST |
|
Kansas City Royals batting - Pitching for Detroit Tigers : RHP Dennis Martinez
|
|
Pitching: RHP Dennis Martinez
|
|
|
Batting: LHB Rick Manning
|
0-0: Ball 1-0: Ball 2-0: Called Strike 2-1: Foul Ball, location: 2F 2-2: Foul Ball, location: 2F 2-2: Fly out, F8 (Line Drive, 8RM, EV 94.4 MPH)
|
|
Batting: LHB Gene Richards
|
0-0: Ball 1-0: Called Strike 1-1: Foul Ball, location: 2F 1-2: Ground out 5-3 (Groundball, 56S, EV 93.8 MPH)
|
|
Batting: LHB Alvin Davis
|
0-0: Called Strike 0-1: Foul Ball, location: 2F 0-2: Ball 1-2: Ball 2-2: Ball 3-2: SINGLE (Groundball, 56D, EV 106.3 MPH)
|
|
Batting: RHB Bob Horner
|
0-0: Called Strike 0-1: Called Strike 0-2: Ball 1-2: Ball 2-2: Ground out 1-3 (Groundball, 13S, EV 65.6 MPH)
|
| Bottom of the 1st over - 0 runs, 1 hit, 0 errors, 1 left on base; Detroit 0 - Kansas City 0 |
| TOP OF THE 2ND |
|
Detroit Tigers batting - Pitching for Kansas City Royals : LHP Frank Viola
|
|
Batting: RHB Keith Moreland
|
0-0: Ground out 6-3 (Groundball, 6, EV 81.3 MPH)
|
|
Batting: RHB Larry Parrish
|
0-0: Ground out 5-3 (Groundball, 5, EV 90.6 MPH)
|
|
Batting: RHB Andre Thornton
|
0-0: Foul Ball, location: 2F 0-1: Ball 1-1: Foul Ball, location: 2F 1-2: Foul Ball, location: 2F 1-2: Ball 2-2: Ball 3-2: DOUBLE (Groundball, 5L, EV 105.0 MPH)
|
|
Batting: RHB Rusty Kuntz
|
0-0: Foul Ball, location: 2F 0-1: Foul Ball, location: 2F 0-2: Ball 1-2: Ground out 6-3 (Groundball, 6, EV 104.4 MPH)
|
| Top of the 2nd over - 0 runs, 1 hit, 0 errors, 1 left on base; Detroit 0 - Kansas City 0 |
| BOTTOM OF THE 2ND |
|
Kansas City Royals batting - Pitching for Detroit Tigers : RHP Dennis Martinez
|
|
Batting: RHB Gary Carter
|
0-0: Ball 1-0: Swinging Strike 1-1: DOUBLE (Groundball, 5L, EV 100.6 MPH)
|
|
Batting: LHB Jim Eisenreich
|
0-0: SINGLE (Line Drive, 6MD, EV 94.4 MPH) Gary Carter to third Runner from 3rd tries for Home, SAFE, throw by CF to home
|
|
Batting: RHB Lloyd McClendon
|
0-0: Ball 1-0: Called Strike 1-1: Called Strike 1-2: Fielders Choice at 2nd, 3-6 (Groundball, 34, EV 106.9 MPH)
|
|
Batting: RHB Adrian Monrreal
|
0-0: Ball 1-0: Ball 2-0: Called Strike 2-1: Fielders Choice at 2nd, 1-6 (Groundball, 34S, EV 62.5 MPH)
|
|
Batting: LHB Kerry Dineen
|
0-0: Ball 1-0: SINGLE (Groundball, 4MD, EV 96.3 MPH) Adrian Monrreal to second Runner from 2nd tries for 3rd, SAFE, no throw by CF
|
|
Batting: LHB Rick Manning
|
0-0: SINGLE (Line Drive, 9S, EV 105.0 MPH) Adrian Monrreal scores Kerry Dineen to second Runner from 2nd tries for 3rd, SAFE, throw by RF made to third
|
|
Batting: LHB Gene Richards
|
0-0: Ball 1-0: Ball 2-0: Fielders Choice at 2nd, 6-4 (Groundball, 6, EV 108.8 MPH)
|
| Bottom of the 2nd over - 2 runs, 4 hits, 0 errors, 2 left on base; Detroit 0 - Kansas City 2 |
| TOP OF THE 3RD |
|
Detroit Tigers batting - Pitching for Kansas City Royals : LHP Frank Viola
|
|
Batting: LHB Jerry Tabb
|
0-0: Called Strike 0-1: Ball 1-1: Foul Ball, location: 2F 1-2: Foul Ball, location: 2F 1-2: Ball 2-2: Ball 3-2: Foul Ball, location: 2F 3-2: SINGLE (Flyball, 4MD, EV 88.8 MPH)
|
|
Batting: RHB Jarrett Sterner
|
0-0: Ball 1-0: Fielders Choice at 2nd, 5-4 (Groundball, 56, EV 86.9 MPH)
|
|
Batting: SHB Lee Mazzilli
|
0-0: Ball 1-0: Ball 2-0: SINGLE (Groundball, 25, EV 73.8 MPH) (infield hit) Jarrett Sterner to second
|
|
Batting: RHB Jose Hidalgo
|
0-0: Called Strike 0-1: Foul Ball, location: 2F 0-2: Strikes out looking
|
|
Batting: SHB Tony Phillips
|
0-0: Foul Ball, location: 2F 0-1: Ball 1-1: Called Strike 1-2: Strikes out looking
|
| Top of the 3rd over - 0 runs, 2 hits, 0 errors, 2 left on base; Detroit 0 - Kansas City 2 |
| BOTTOM OF THE 3RD |
|
Kansas City Royals batting - Pitching for Detroit Tigers : RHP Dennis Martinez
|
|
Batting: LHB Alvin Davis
|
0-0: Ball 1-0: Ball 2-0: Called Strike 2-1: Ball 3-1: Called Strike 3-2: Foul Ball, location: 2F 3-2: Strikes out swinging
|
|
Batting: RHB Bob Horner
|
0-0: Called Strike 0-1: Ball 1-1: Swinging Strike 1-2: Foul Ball, location: 2F 1-2: Foul Ball, location: 2F 1-2: Ball 2-2: Strikes out swinging
|
|
Batting: RHB Gary Carter
|
0-0: Called Strike 0-1: SOLO HOME RUN (Line Drive, 78XD, EV 104.4 MPH), Distance : 420 ft
|
|
Batting: LHB Jim Eisenreich
|
0-0: Ball 1-0: Ball 2-0: Called Strike 2-1: Ground out 6-3 (Groundball, 6M, EV 104.4 MPH)
|
| Bottom of the 3rd over - 1 run, 1 hit, 0 errors, 0 left on base; Detroit 0 - Kansas City 3 |
| TOP OF THE 4TH |
|
Detroit Tigers batting - Pitching for Kansas City Royals : LHP Frank Viola
|
|
Batting: RHB Keith Moreland
|
0-0: Foul Ball, location: 2F 0-1: Ball 1-1: Ball 2-1: Ball 3-1: Foul Ball, location: 2F 3-2: Ground out 4-3 (Groundball, 4, EV 80.6 MPH)
|
|
Batting: RHB Larry Parrish
|
0-0: Called Strike 0-1: Foul Ball, location: 2F 0-2: Ball 1-2: Strikes out swinging
|
|
Batting: RHB Andre Thornton
|
0-0: Foul Ball, location: 2F 0-1: Ground out 3-1 (Groundball, 13, EV 90.6 MPH)
|
| Top of the 4th over - 0 runs, 0 hits, 0 errors, 0 left on base; Detroit 0 - Kansas City 3 |
| BOTTOM OF THE 4TH |
|
Kansas City Royals batting - Pitching for Detroit Tigers : RHP Dennis Martinez
|
|
Batting: RHB Lloyd McClendon
|
0-0: Called Strike 0-1: Called Strike 0-2: DOUBLE (Line Drive, 9LS, EV 101.9 MPH)
|
|
Batting: RHB Adrian Monrreal
|
0-0: Intentional Walk
|
|
Batting: LHB Kerry Dineen
|
0-0: Ball 1-0: Ball 2-0: Foul Ball, location: 2F 2-1: Swinging Strike 2-2: Foul Ball, location: 2F 2-2: Fly out, F9 (Flyball, 89D, EV 81.3 MPH) Runner from 2nd tags up, SAFE at 3rd with throw by RF
|
|
Batting: LHB Rick Manning
|
0-0: Called Strike 0-1: Ball 1-1: Foul Ball, location: 2F 1-2: DOUBLE (Line Drive, 8RXD, EV 97.5 MPH) Lloyd McClendon scores Adrian Monrreal to third Runner from 3rd tries for Home, SAFE, throw by CF to home
|
|
Batting: LHB Gene Richards
|
0-0: Ball 1-0: Ground out 5-3 (Groundball, 5S, EV 65.0 MPH) Rick Manning to third
|
|
Batting: LHB Alvin Davis
|
0-0: Intentional Walk
|
|
Batting: RHB Bob Horner
|
0-0: Swinging Strike 0-1: Ground out 5-3 (Groundball, 56S, EV 65.0 MPH)
|
| Bottom of the 4th over - 2 runs, 2 hits, 0 errors, 2 left on base; Detroit 0 - Kansas City 5 |
| TOP OF THE 5TH |
|
Detroit Tigers batting - Pitching for Kansas City Royals : LHP Frank Viola
|
|
Batting: RHB Rusty Kuntz
|
0-0: Ball 1-0: Ball 2-0: Ground out 6-3 (Groundball, 6MS, EV 69.4 MPH)
|
|
Batting: LHB Jerry Tabb
|
0-0: Fly out, F9 (Flyball, 9, EV 88.1 MPH)
|
|
Batting: RHB Jarrett Sterner
|
0-0: Swinging Strike 0-1: Foul Ball, location: 2F 0-2: Foul Ball, location: 2F 0-2: Ball 1-2: Foul Ball, location: 2F 1-2: Foul Ball, location: 2F 1-2: Foul Ball, location: 2F 1-2: Ball 2-2: Ball 3-2: Foul Ball, location: 2F 3-2: Ground out 5-3 (Groundball, 5, EV 83.1 MPH)
|
| Top of the 5th over - 0 runs, 0 hits, 0 errors, 0 left on base; Detroit 0 - Kansas City 5 |
| BOTTOM OF THE 5TH |
|
Kansas City Royals batting - Pitching for Detroit Tigers : RHP Dennis Martinez
|
|
Batting: RHB Gary Carter
|
0-0: Ball 1-0: SINGLE (Groundball, 6MS, EV 71.3 MPH) (infield hit)
|
|
Batting: LHB Jim Eisenreich
|
0-0: Swinging Strike 0-1: Swinging Strike 0-2: Ground out 5-3 (Groundball, 56S, EV 65.6 MPH) Gary Carter to second
|
|
Batting: RHB Lloyd McClendon
|
0-0: Ball 1-0: Called Strike 1-1: Ball 2-1: SINGLE (Groundball, 6MD, EV 100.6 MPH) Gary Carter to third Runner from 3rd tries for Home, throw by CF and OUT! 8-2
|
|
Batting: RHB Adrian Monrreal
|
0-0: Ball 1-0: Called Strike 1-1: Foul Ball, location: 2F 1-2: Ball 2-2: Ball 3-2: Strikes out swinging
|
| Bottom of the 5th over - 0 runs, 2 hits, 0 errors, 1 left on base; Detroit 0 - Kansas City 5 |
| TOP OF THE 6TH |
|
Detroit Tigers batting - Pitching for Kansas City Royals : LHP Frank Viola
|
|
Batting: SHB Lee Mazzilli
|
0-0: Ball 1-0: Ball 2-0: Swinging Strike 2-1: Swinging Strike 2-2: Ball 3-2: Foul Ball, location: 2F 3-2: Fly out, F9 (Flyball, 9LM, EV 88.1 MPH)
|
|
Batting: RHB Jose Hidalgo
|
0-0: Ball 1-0: Swinging Strike 1-1: Ground out U3 (Groundball, 3, EV 88.1 MPH)
|
|
Batting: SHB Tony Phillips
|
0-0: Ball 1-0: Ball 2-0: Called Strike 2-1: Foul Ball, location: 2F 2-2: Ball 3-2: Foul Ball, location: 2F 3-2: Fly out, F9 (Flyball, 89M, EV 85.0 MPH)
|
| Top of the 6th over - 0 runs, 0 hits, 0 errors, 0 left on base; Detroit 0 - Kansas City 5 |
| BOTTOM OF THE 6TH |
|
Kansas City Royals batting - Pitching for Detroit Tigers : RHP Dennis Martinez
|
|
Batting: LHB Kerry Dineen
|
0-0: Called Strike 0-1: Foul Ball, location: 2F 0-2: Strikes out swinging
|
|
Batting: LHB Rick Manning
|
0-0: Fly out, F9 (Line Drive, 9, EV 101.3 MPH)
|
|
Batting: LHB Gene Richards
|
0-0: Ball 1-0: Foul Ball, location: 2F 1-1: Ground out 6-3 (Groundball, 6D, EV 95.6 MPH)
|
| Bottom of the 6th over - 0 runs, 0 hits, 0 errors, 0 left on base; Detroit 0 - Kansas City 5 |
| TOP OF THE 7TH |
|
Detroit Tigers batting - Pitching for Kansas City Royals : LHP Frank Viola
|
|
Batting: RHB Keith Moreland
|
0-0: Fly out, F7 (Flyball, 78XD, EV 105.6 MPH)
|
|
Batting: RHB Larry Parrish
|
0-0: Foul Ball, location: 2F 0-1: Ball 1-1: Called Strike 1-2: Ball 2-2: DOUBLE (Line Drive, 7LM, EV 109.4 MPH)
|
|
Batting: RHB Andre Thornton
|
0-0: Ball 1-0: Ground out 6-3 (Groundball, 56, EV 100.6 MPH)
|
|
Batting: RHB Rusty Kuntz
|
0-0: Ball 1-0: Called Strike 1-1: Ball 2-1: Called Strike 2-2: SINGLE (Groundball, 13S, EV 77.5 MPH) (infield hit) Larry Parrish to third
|
|
Batting: LHB Jerry Tabb
|
0-0: Ball 1-0: Called Strike 1-1: Called Strike 1-2: Foul Ball, location: 2F 1-2: Ball 2-2: Strikes out swinging
|
| Top of the 7th over - 0 runs, 2 hits, 0 errors, 2 left on base; Detroit 0 - Kansas City 5 |
| BOTTOM OF THE 7TH |
|
Kansas City Royals batting - Pitching for Detroit Tigers : RHP Dennis Martinez
|
|
Batting: LHB Alvin Davis
|
0-0: Swinging Strike 0-1: Called Strike 0-2: Strikes out swinging
|
|
Batting: RHB Bob Horner
|
0-0: SINGLE (Groundball, 56D, EV 98.8 MPH)
|
|
Batting: RHB Gary Carter
|
0-0: Swinging Strike 0-1: Ball 1-1: Ball 2-1: Foul Ball, location: 2F 2-2: Strikes out swinging
|
|
Batting: LHB Jim Eisenreich
|
0-0: Called Strike 0-1: Foul Ball, location: 2F 0-2: Fly out, F9 (Flyball, 9D, EV 96.3 MPH)
|
| Bottom of the 7th over - 0 runs, 1 hit, 0 errors, 1 left on base; Detroit 0 - Kansas City 5 |
| TOP OF THE 8TH |
|
Detroit Tigers batting - Pitching for Kansas City Royals : LHP Frank Viola
|
|
Batting: RHB Jarrett Sterner
|
0-0: Ball 1-0: Reached on error, E3 (Groundball, 34, EV 98.1 MPH)
|
|
Batting: SHB Lee Mazzilli
|
0-0: Fielders Choice at 2nd, 6-4 (Groundball, 6M, EV 83.1 MPH)
|
|
Batting: RHB Jose Hidalgo
|
0-0: Foul Ball, location: 2F 0-1: SINGLE (Groundball, 25, EV 71.3 MPH) (infield hit) Lee Mazzilli to second
|
|
Batting: SHB Tony Phillips
|
0-0: Ball 1-0: Fly out, F7 (Flyball, 7S, EV 91.3 MPH)
|
|
Batting: RHB Keith Moreland
|
0-0: Ball 1-0: DOUBLE (Groundball, 5L, EV 97.5 MPH) Lee Mazzilli scores Jose Hidalgo to third Runner from 3rd tries for Home, SAFE, throw by LF to home
|
|
Batting: RHB Larry Parrish
|
0-0: Called Strike 0-1: Swinging Strike 0-2: Ball 1-2: Ball 2-2: Fly out, F4 (Line Drive, 4, EV 71.3 MPH)
|
| Top of the 8th over - 2 runs, 2 hits, 1 error, 1 left on base; Detroit 2 - Kansas City 5 |
| BOTTOM OF THE 8TH |
|
Kansas City Royals batting - Pitching for Detroit Tigers : RHP Dennis Martinez
|
|
Batting: RHB Lloyd McClendon
|
0-0: Swinging Strike 0-1: Ball 1-1: Ground out 6-3 (Groundball, 6, EV 81.9 MPH)
|
|
Batting: RHB Adrian Monrreal
|
0-0: Swinging Strike 0-1: Called Strike 0-2: Strikes out swinging
|
|
Batting: LHB Kerry Dineen
|
0-0: Ball 1-0: Ground out 4-3 (Groundball, 4, EV 81.3 MPH)
|
| Bottom of the 8th over - 0 runs, 0 hits, 0 errors, 0 left on base; Detroit 2 - Kansas City 5 |
| TOP OF THE 9TH |
|
Detroit Tigers batting - Pitching for Kansas City Royals : LHP Frank Viola
|
|
Batting: RHB Andre Thornton
|
0-0: Ball 1-0: Ball 2-0: Ground out 4-3 (Groundball, 4, EV 92.5 MPH)
|
|
Batting: RHB Rusty Kuntz
|
0-0: Called Strike 0-1: Called Strike 0-2: Ball 1-2: Fly out, F7 (Line Drive, 7, EV 100.6 MPH)
|
|
Batting: LHB Jerry Tabb
|
0-0: Ball 1-0: Ball 2-0: SINGLE (Groundball, 3D, EV 97.5 MPH)
|
|
Pitching: RHP Orel Hershiser
|
|
|
Batting: RHB Jarrett Sterner
|
0-0: Called Strike 0-1: Swinging Strike 0-2: Ball 1-2: Foul Ball, location: 2F 1-2: Foul Ball, location: 2F 1-2: Foul Ball, location: 2F 1-2: Ball 2-2: SINGLE (Groundball, 56S, EV 68.8 MPH) (infield hit) Jerry Tabb to second
|
|
Batting: SHB Lee Mazzilli
|
0-0: Called Strike 0-1: Foul Ball, location: 2F 0-2: Ball 1-2: SINGLE (Groundball, 6MD, EV 96.9 MPH) Jerry Tabb to third Jarrett Sterner to second
|
|
Batting: RHB Jose Hidalgo
|
0-0: Foul Ball, location: 2F 0-1: Swinging Strike 0-2: Strikes out swinging
|
| Top of the 9th over - 0 runs, 3 hits, 0 errors, 3 left on base; Detroit 2 - Kansas City 5 |
|